 Dungeon Crawl Stone Soup version 0.30-b1-2-g02819fbbbe (webtiles) character file.

Game seed: 8765920110458099909

35 MisterFreud the Ducker (level 3, -4/17 HPs)
             Began as a Felid Berserker on Jan 3, 2024.
             Was a Follower of Trog.
             Slain by a goblin
             ... wielding a +0 club
             ... led by Robin
              (6 damage)
             ... on level 1 of the Dungeon.
             The game lasted 00:00:58 (759 turns).

MisterFreud the Ducker (Felid Berserker)             Turns: 759, Time: 00:01:00

Health: -4/17      AC:  1    Str: 13    XL:     3   Next: 16%
Magic:  4/4        EV: 18    Int:  8    God:    Trog [*.....]
Gold:   71         SH:  0    Dex: 17    Spells: 2/2 levels left
                                        Lives:  0   Deaths: 0

rFire   . .          .
                       - Unarmed
rCold   . . .        (shield unavailable)
rNeg    . . .        (body armour unavailable)
rPois   .            (helmet unavailable)
rElec   .            (cloak unavailable)
rCorr   .            (gloves unavailable)
SInv    +            (boots unavailable)
Will    +....        (no amulet)
Stlth   +            c - ring of willpower
HPRegen 0.22/turn    (no ring)
MPRegen 0.09/turn

%: no passive effects
@: confused, ambrosia-drunk, on berserk cooldown, slowed, slow
A: very small, claws 1, fangs 3, see invisible, speed 1, shaggy fur 1, stealthy
paws, no weapons or thrown items, no armour, multi-lived
a: Renounce Religion, Berserk


You were on level 1 of the Dungeon.
You worshipped Trog.
Trog was aware of your devotion.
You visited 1 branch of the dungeon, and saw 2 of its levels.

You collected 71 gold pieces.

Inventory:

Jewellery
 c - a ring of willpower (left paw)
Scrolls
 e - a scroll of noise {unknown}
Potions
 b - a potion of degeneration {unknown}
 d - a potion of attraction {unknown}


   Skills:
 - Level 3.0 Fighting
 - Level 4.0 Dodging
 + Level 2.1 Stealth
 * Level 3.9 Unarmed Combat


You had 2 spell levels left.
You didn't know any spells.
Your spell library was empty.

Dungeon Overview and Level Annotations

Branches:
Dungeon (2/15)

Altars:

Annotations:
D:2 Robin


Innate Abilities, Weirdness & Mutations

You have sharp claws.
You have razor-sharp teeth.
You have supernaturally acute eyesight. (SInv)
You cover ground quickly. (Speed+)
You are covered in fur. (AC +1)
Your paws help you pounce on unaware monsters.
You are incapable of wielding weapons or throwing items.
You cannot wear armour.
You gain extra lives every three experience levels.


Message History

Robin throws the goblin at you! The hobgoblin hits you.
The goblin shouts!
The goblin barely misses you. The giant cockroach bites you.
You claw the hobgoblin!
You kill the hobgoblin!
Trog accepts your kill. The giant cockroach misses you.
You closely miss the hobgoblin.
Unknown command.
You closely miss the goblin. Robin throws the goblin at you!
The hobgoblin misses you. The giant cockroach misses you.
The goblin barely misses you. The goblin hits you with a +0 club.
You miss the goblin.
The giant cockroach completely misses you.
The hobgoblin completely misses you. The goblin hits you with a +0 club. x2
Robin roars a battlecry!
The goblins go into a battle-frenzy!
You hear an angry hiss.
Unknown command.
A hobgoblin comes into view.
The hobgoblin shouts!
You feel a strong urge to attack something.
The goblin hits you with a +0 club.
* * * LOW HITPOINT WARNING * * *
There is a stone staircase leading up here.
The giant cockroach completely misses you.
You climb upwards.
You feel your anger nearly subside.
You are no longer berserk.
You are exhausted.
You feel yourself slow down.
There is a stone staircase leading down here.
Unknown command.
It was a potion of ambrosia.
You are confused.
You feel invigorated. The goblin hits you with a +0 club.
* * * LOW HITPOINT WARNING * * *
The goblin closely misses you.
The giant cockroach bites you but does no damage.
The goblin hits you with a +0 club.
You die...

###########
###.####.#≈.≈...≈.≈#.
#.(......≈.....≈..#
#.)....#.#.....#.##
#......##.#####.##
#......###.....##
#....).#########
##......# #######
#B.....###### ###.....#
#@g....'....###
........#
##g....###....#
........#########.....#
#....#
......†.##........(..##
#....#
........##.#########.#
#....# ...)....'......#
#># #....#
........##.###.# #.#
#....# .....#####.#
#.#####.# #....# ####.#
#.# #.......# #....#


You could see a giant cockroach and 2 goblins.

Vanquished Creatures
  An adder (D:2)
  A bat (D:1)
  An endoplasm (D:1)
  4 giant cockroaches
  4 hobgoblins
  3 jackals (D:1)
  3 kobolds (D:1)
  A ball python (D:1)
  A frilled lizard (D:1)
  A goblin (D:1)
  2 rats (D:1)
22 creatures vanquished.

Notes
Turn   | Place    | Note
-------+----------+-------------------------------------------
     0 | D:1      | MisterFreud the Felid Berserker began the quest for the
                  | Orb.
     0 | D:1      | Reached XP level 1. HP: 10/10 MP: 2/2
   119 | D:1      | Found a faded altar of an unknown god.
   168 | D:1      | Reached skill level 1 in Stealth
   169 | D:1      | Reached XP level 2. HP: 11/14 MP: 3/3
   678 | D:2      | Reached XP level 3. HP: 8/17 MP: 4/4
   749 | D:2      | Noticed Robin
   759 | D:1      | Slain by a goblin

Illustrated notes

Levels and vault maps discovered:
D:1:      elethiomel_arrival_fortress_basement, layout_basic,
          shapermc_ecumenical_altar_starsandcircs, roderic_roman_lattice
D:2:      layout_rooms, amethyst_killhole, uniq_robin

Skill      XL: |  1  2 |
---------------+-------+-----
Stealth        | 1 2 |  2.1
Fighting       | |  3.0
Dodging        | |  4.0
Unarmed Combat | |  3.9

Action                     || total
---------------------------++-------
  Melee: Unarmed           ||    63
         Bite              ||     3
         Punch             ||     2
 Invoke: Berserk           ||     2
    Use: Potion            ||     1
   Stab: Sleeping          ||     4
 Armour: Skin              ||     4
  Dodge: Dodged            ||    64
